 Dungeon Crawl Stone Soup version 0.24-a0-317-g5cb8de4 (webtiles) character file.

Game seed: 13462141184575306589

70 MisterFreud the Changer (level 4, -1/28 HPs)
             Began as an Octopode Transmuter on May 16, 2019.
             Slain by a gnoll
             ... wielding a +0 spear
              (8 damage)
             ... on level 2 of the Dungeon.
             The game lasted 00:03:59 (2033 turns).

MisterFreud the Changer (Octopode Transmuter)       Turns: 2033, Time: 00:04:00

Health: -1/28      AC:  1    Str:  9    XL:     4   Next: 21%
Magic:  7/8        EV: 14    Int: 16    God:
Gold:   65         SH:  0    Dex: 17    Spells: 2/8 levels left

rFire    . . .     SeeInvis .     - Unarmed
rCold    . . .     Gourm    .   (no shield)
rNeg     . . .     Faith    .   (helmet restricted)
rPois    .         Spirit   .   (no amulet)
rElec    .         Reflect  .   k - +5 ring of dexterity
rCorr    .         Harm     .   (no ring)
MR       .....                  (no ring)
Stlth    +++.......             (no ring)
HPRegen  0.09/turn              (no ring)
MPRegen  0.11/turn              (no ring)
                                (no ring)
                                (no ring)

@: no status effects
A: almost no armour, stealthy swim, amphibious, 8 rings, constrict 8, camouflage
1, gelatinous body 1
a: no special abilities


You were on level 2 of the Dungeon.
You were not hungry.

You visited 1 branch of the dungeon, and saw 2 of its levels.

You collected 65 gold pieces.

Inventory:

Missiles
 a - 12 arrows
 d - 35 stones (quivered)
 g - 20 sling bullets
 j - 20 bolts
Jewellery
 k - a +5 ring of dexterity (left tentacle)
Scrolls
 e - a scroll of enchant armour {unknown}
 h - 2 scrolls of identify
Potions
 f - a potion of curing
Comestibles
 c - a ration


   Skills:
 - Level 1.0 Fighting
 - Level 2.0 Dodging
 - Level 3.0 Unarmed Combat
 + Level 2.7 Spellcasting
 * Level 3.7 Transmutations


You had 2 spell levels left.
You knew the following spells:

 Your Spells              Type           Power        Failure   Level  Hunger
a - Beastly Appendage     Tmut           ##....       4%          1    #......
b - Sticks to Snakes      Tmut           ##......     6%          2    ##.....
c - Spider Form           Tmut/Pois      #.........   26%         3    ###....

Your spell library contained the following spells:

 Spells                   Type           Power        Failure   Level  Hunger
 Ice Form                 Ice/Tmut       #.......     65%         4    #####..
 Blade Hands              Tmut           ##........   75%         5    ######.


Dungeon Overview and Level Annotations

Branches:
Dungeon (2/15)

Altars:

Annotations:
D:2 Terence


Innate Abilities, Weirdness & Mutations

You cannot wear most types of armour.
You are very stealthy in the water. (Stealth+)
You are amphibious.
You can wear up to eight rings at the same time.
You can use your tentacles to constrict eight enemies at once.
Your skin changes colour to match your surroundings (Stealth+).
Your rubbery body absorbs attacks. (AC +1, EV +1)


Message History

The gnoll is severely wounded.
You hit the gnoll.
The gnoll is severely wounded.
The gnoll hits you with a +0 spear! The gnoll completely misses you.
You hit the gnoll but do no damage.
The gnoll looks as sick as possible!
The gnoll is severely wounded.
The gnoll closely misses you. x2
You hit the gnoll but do no damage.
The gnoll is almost dead.
You kill the gnoll!
The gnoll hits you but does no damage.
Unknown command.
You eat one of the 2 rations.
That ration really hit the spot!
Your transformation is almost over.
The gnoll completely misses you.
Your transformation has ended.
The gnoll hits you with a +0 spear!
* * * LOW HITPOINT WARNING * * *
The gnoll hits you from afar with a +0 spear!
You die...

#. #.####.#.#.###.#.#
#..###.................
......###..#.##### #.#
##............. ..
#...##..#.##.. .
###.##.#.##..#.# #
................
########.##..#.##
#.g.@.....#.# #
#g###.###.#.#
#.####.###.# #.#.#
#.....g..#.# #.#.#
#..........###.#.#
######.#.......#.#####.#
###.#.#.............#
#...#.#.#........[..#
#^..........#.######


You could see 2 gnolls.

Vanquished Creatures
  4 gnolls (D:2)
  3 leopard geckos (D:1)
  5 bats
  A giant cockroach (D:1)
  5 hobgoblins
  3 kobolds
  4 frilled lizards
  2 goblins
  5 rats (D:1)
32 creatures vanquished.

Notes
Turn   | Place    | Note
-------+----------+-------------------------------------------
     0 | D:1      | MisterFreud the Octopode Transmuter began the quest for the
                  | Orb.
     0 | D:1      | Reached XP level 1. HP: 13/13 MP: 3/3
   106 | D:1      | Reached XP level 2. HP: 15/18 MP: 5/5
   584 | D:1      | Reached XP level 3. HP: 23/23 MP: 6/6
   747 | D:1      | Learned a level 2 spell: Sticks to Snakes
   751 | D:1      | Learned a level 3 spell: Spider Form
   777 | D:2      | Noticed Terence
   861 | D:2      | HP: 1/23 [gnoll/+0 spear (8)]
  1718 | D:2      | Reached XP level 4. HP: 5/28 MP: 0/8
  2033 | D:2      | Slain by a gnoll

Levels and vault maps discovered:
D:1:      roderic_crop_circles_arrival_small, layout_basic
D:2:      minmay_door_path, layout_basic, grunt_ministairs_7, uniq_terence

Skill      XL: |  1  2 |
---------------+-------+-----
Transmutations | 3 |  3.7
Fighting       | |  1.0
Dodging        | |  2.0
Unarmed Combat | |  3.0
Spellcasting   | |  2.7

Action                   |  1- 3 |  4- 6 || total
-------------------------+-------+-------++-------
Melee: Unarmed           |    62 |     7 ||    69
       Constrict         |    17 |       ||    17
       Kick              |     5 |       ||     5
       Tentacles         |     8 |       ||     8
       Punch             |     1 |       ||     1
 Cast: Beastly Appendage |     5 |       ||     5
       Spider Form       |     4 |     1 ||     5
  Use: Scroll            |     3 |       ||     3
 Stab: Sleeping          |    10 |       ||    10
  Eat: Chunk             |     2 |       ||     2
       Ration            |       |     1 ||     1
Armor: Skin              |     5 |       ||     5
Dodge: Dodged            |    38 |     8 ||    46

Table legend:
 A = Non-vault XP
 B = Vault XP
 C = Vault XP percentage of total XP
 D = Non-vault monster count
 E = Vault monster count
 F = Vault count percentage of total count
                 A         B        C        D         E       F
            +---------+---------+-------+---------+---------+-------
      Total |     100 |       0 |   0.0 |      32 |       0 |   0.0
            +---------+---------+-------+---------+---------+-------
        D:1 |      36 |       0 |   0.0 |      22 |       0 |   0.0
        D:2 |      64 |       0 |   0.0 |      10 |       0 |   0.0
            +---------+---------+-------+---------+---------+-------
